 Dungeon Crawl Stone Soup version 0.20.1-1-g8b1a95d (webtiles) character file.

85 vineage the Skirmisher (level 4, 0/37 HPs)
             Began as a Demonspawn Berserker on July 27, 2017.
             Was a Believer of Trog.
             Slain by Purgy (1 damage)
             ... on level 3 of the Dungeon.
             The game lasted 00:04:54 (1973 turns).

vineage the Skirmisher (Demonspawn Berserker)       Turns: 1973, Time: 00:04:55

Health: 0/37       AC:  2    Str: 18    XL:     4   Next: 25%
Magic:  4/4        EV: 12    Int: 10    God:    Trog [**....]
Gold:   122        SH:  0    Dex: 13    Spells: 3/3 levels left

rFire    . . .     SeeInvis .   l - +3 hand axe (freeze)
rCold    . . .     Gourm    .   (no shield)
rNeg     . . .     Faith    .   b - +0 animal skin
rPois    .         Spirit   .   (helmet restricted)
rElec    .         Reflect  .   (no cloak)
rCorr    .         Harm     .   (no gloves)
MR       .....                  (no boots)
Stlth    +++.......             (no amulet)
Regen    0.2/turn               m - +2 ring of intelligence
MPRegen  0.1/turn               (no ring)

@: hasted, very quick
A: antennae 1, nightstalker 1, sturdy frame 1
a: Berserk, Trog's Hand, Burn Spellbooks, Renounce Religion


You were on level 3 of the Dungeon.
You worshipped Trog.
Trog was pleased with you.
You were very full.

You visited 1 branch of the dungeon, and saw 3 of its levels.

You collected 122 gold pieces.

Inventory:

Hand Weapons
 a - a +0 hand axe
 l - a +3 hand axe of freezing (weapon)
 o - a +0 long sword
Armour
 b - a +0 animal skin (worn)
Jewellery
 m - a +2 ring of intelligence (left hand)
Scrolls
 v - a scroll of blinking
 x - a scroll of fear
Potions
 c - 2 potions of magic
 g - a potion of flight {unknown}
 j - 2 potions of brilliance
 k - a potion of curing {unknown}
 n - a potion of haste
 q - a potion of berserk rage {unknown}
 r - a potion of heal wounds {unknown}
Books
 w - a book of Changes

   Spells                             Type                      Level
   a - Beastly Appendage              Transmutation                1
   b - Sticks to Snakes               Transmutation                2
   c - Spider Form                    Transmutation/Poison         3
   d - Ice Form                       Ice/Transmutation            4
   e - Blade Hands                    Transmutation                5
   Trog disapproves of the use of such an item.
Comestibles
 d - 3 fruits
 i - 3 meat rations
 t - a royal jelly


   Skills:
 + Level 3.7 Fighting
 + Level 3.5 Axes
 + Level 2.0 Armour
 + Level 2.1 Dodging
 + Level 1.2 Stealth


You had 3 spell levels left.
You didn't know any spells.

Dungeon Overview and Level Annotations

Branches:
Dungeon (3/15)

Altars:
Ashenzari
Gozag
Nemelex Xobeh
Trog

Annotations:
D:3 1 runed door, Purgy


Innate Abilities, Weirdness & Mutations

You have a pair of small antennae on your head.
You are slightly more attuned to the shadows.
Your movements are slightly less encumbered by armour. (ER -2)


Message History

Purgy bites you! Purgy claws you. Purgy claws you but does no damage.
You barely miss Purgy.
Purgy is heavily wounded.
Purgy closely misses you. Purgy claws you. Purgy barely misses you.
It was a potion of haste.
You feel yourself speed up. Purgy bites you.
* * * LOW HITPOINT WARNING * * *
Purgy closely misses you. Purgy claws you.
* * * LOW HITPOINT WARNING * * *
You hit Purgy. You freeze Purgy.
Purgy is heavily wounded.
Purgy bites you.
* * * LOW HITPOINT WARNING * * *
Purgy claws you.
* * * LOW HITPOINT WARNING * * *
Purgy claws you.
* * * LOW HITPOINT WARNING * * *
Purgy bites you.
* * * LOW HITPOINT WARNING * * *
Purgy closely misses you. Purgy claws you.
You die...

**** *,,**********
#######.,,,,,,,,,,* *********
#(......,********,*
*,,,,,,,####.###**,,..,,,,**,*
*,***##+#<....@###...#,,,,**,*
*,* #...###.#.T......,*****,**
*,* #...# #.#).#.....,,,,,,,,,
*,***#...# #.####,....,******,,
*,....#)####..,,,,,...,,,,,,+,,
****###.#....######*,*#.*******,,
,,,................,,,,,,,,,,,,,*
***####............***#######****
****########.#....,,,,,..#..,,,,*


You could see Purgy.

Vanquished Creatures
  An orc wizard (D:3)
  An ooze (D:1)
  2 worms
  A leopard gecko (D:3)
  3 orcs (D:3)
  A giant cockroach (D:3)
  7 goblins
  5 hobgoblins
  6 kobolds
  A quokka (D:2)
  A ball python (D:1)
  6 bats
  3 frilled lizards
  6 rats
44 creatures vanquished.

Notes
Turn   | Place    | Note
-------+----------+-------------------------------------------
     0 | D:1      | vineage the Demonspawn Berserker began the quest for the Orb.
     0 | D:1      | Reached XP level 1. HP: 18/18 MP: 1/1
   281 | D:1      | Gained mutation: You are slightly more attuned to the shadows. [demonic ancestry]
   281 | D:1      | Reached XP level 2. HP: 12/24 MP: 2/2
   887 | D:2      | Reached ** piety under Trog
   911 | D:2      | Found a bloodstained altar of Trog.
  1008 | D:2      | Gained mutation: You have a pair of small antennae on your head. [demonic ancestry]
  1008 | D:2      | Reached XP level 3. HP: 29/29 MP: 3/3
  1099 | D:2      | Found an opulent altar of Gozag.
  1159 | D:2      | Found a sparkling altar of Nemelex Xobeh.
  1159 | D:2      | Found a shattered altar of Ashenzari.
  1488 | D:3      | Found a runed door.
  1738 | D:3      | Reached skill level 1 in Stealth
  1741 | D:3      | Gained mutation: Your movements are slightly less encumbered by armour. (ER -2) [demonic ancestry]
  1741 | D:3      | Reached XP level 4. HP: 13/37 MP: 4/4
  1961 | D:3      | Noticed Purgy
  1973 | D:3      | HP: 1/37 [Purgy (4)]
  1973 | D:3      | Slain by Purgy

Skill      XL: |  1  2  3 |
---------------+----------+-----
Axes           | 3 |  3.5
Dodging        | 2 |  2.1
Armour         | 2 |  2.0
Stealth        | 1 |  1.2
Fighting       | |  3.7

Action                   |  1- 3 |  4- 6 || total
-------------------------+-------+-------++-------
Melee: Hand axe          |    86 |     9 ||    95
  Use: Scroll            |    10 |       ||    10
       Potion            |       |     1 ||     1
 Stab: Sleeping          |     7 |       ||     7
  Eat: Bread ration      |     2 |       ||     2
       Chunk             |     1 |       ||     1
Armor: Animal skin       |     9 |     3 ||    12
Dodge: Dodged            |    40 |     9 ||    49
